 Dungeon Crawl Stone Soup version 0.29.0-4-gdea44cf6ec (webtiles) character file.

Game seed: 5909586080508364788

669 qw the Cleaver (level 7, 0/56 HPs)
             Began as a Barachi Chaos Knight on Sept 4, 2022.
             Was an Initiate of Okawaru.
             Slain by a centaur (1 damage)
             ... on level 5 of the Dungeon.
             The game lasted 00:01:45 (4584 turns).

qw the Cleaver (Barachi Chaos Knight)               Turns: 4584, Time: 00:01:46

Health: 0/56       AC:  0    Str: 13    XL:     7   Next: 58%
Magic:  7/7        EV:  6    Int: 13    God:    Okawaru [......]
Gold:   245        SH:  0    Dex: 11    Spells: 6/6 levels left

rFire   . . .      SeeInvis +   Y - +0 war axe
rCold   . . .      Faith    .   (no shield)
rNeg    . . .      Spirit   .   i - +0 chain mail
rPois   .          Reflect  .   k - +0 helmet
rElec   .          Harm     .   j - +2 cloak
rCorr   .          Rampage  .   (no gloves)
Will    .....                   e - +0 pair of boots
Stlth   ..........              (no amulet)
HPRegen 0.18/turn               d - ring of see invisible
MPRegen 0.10/turn               (no ring)

@: about to teleport, corroded, slow
A: amphibious, slowness 1, strong legs 1, +LOS, screaming 1, weak 1
a: Hop, Renounce Religion


You were on level 5 of the Dungeon.
You worshipped Okawaru.
Okawaru was noncommittal.
You visited 2 branches of the dungeon, and saw 6 of its levels.

You collected 245 gold pieces.


Innate Abilities, Weirdness & Mutations

You are amphibious.
You cover ground slowly.
You can hop short distances.
You have an extended range of vision and can be seen from far away.
You occasionally shout uncontrollably at your foes.
You are weak. (Str -2)


   Skills:
 - Level 5.0 Fighting
 - Level 8.0 Axes
 + Level 0.8 Throwing
 - Level 4.4 Armour
 - Level 1.1 Dodging


You had 6 spell levels left.
You didn't know any spells.
Your spell library was empty.

Inventory:

Hand Weapons
 m - a +0 morningstar of protection
 Y - a +0 war axe (weapon)
Missiles
 f - 4 boomerangs (quivered)
Armour
 e - a +0 pair of boots (worn)
 i - a +0 chain mail (worn)
 j - a +2 cloak (worn)
 k - a +0 helmet (worn)
Jewellery
 d - a ring of see invisible (left hand)
Scrolls
 a - a scroll of identify
 b - a scroll of teleportation
Potions
 g - a potion of heal wounds
 h - 2 potions of might
 p - a potion of resistance {unknown}
Miscellaneous
 c - a piece from Xom's chessboard (15/15)

Dungeon Overview and Level Annotations

Branches:
Dungeon (5/15)             Temple (1/1) D:4

Altars:
Ashenzari
Cheibriados
Dithmenos
Elyvilon
Fedhas
Gozag
Kikubaaqudgha
Makhleb
Nemelex Xobeh
Okawaru
Qazlal
Ru
Trog
Uskayaw
Vehumet
Xom
Zin
The Shining One

Annotations:
D:4 2 transporters, qw's ghost, amateur BaCK


Message History

The centaur hits you but does no damage.
The centaur kicks you but does no damage.
The centaur hits you but does no damage.
The centaur closely misses you.
You barely miss the centaur. You hit the jelly.
Your hands burn!
The centaur hits you but does no damage.
The centaur closely misses you. The jelly hits you but does no damage.
You hit the jelly. The acid corrodes you!
Your hands burn!
The jelly is moderately wounded.
You hit the centaur.
The centaur hits you but does no damage.
The centaur kicks you but does no damage.
The centaur hits you but does no damage.
The centaur barely misses you. The jelly hits you but does no damage.
You hit the jelly. The acid corrodes you!
Your hands burn!
The jelly is heavily wounded.
You hit the centaur. The centaur barely misses you.
The centaur kicks you but does no damage.
The jelly hits you.
You are splashed with acid!
The centaur hits you but does no damage.
The centaur kicks you but does no damage.
You hit the jelly.
Your hands burn!
The jelly is heavily wounded.
You barely miss the centaur. The centaur hits you.
The centaur closely misses you. The jelly hits you but does no damage.
You hit the jelly but do no damage. The acid corrodes you!
Your hands burn!
The jelly is heavily wounded.
You hit the centaur but do no damage. The centaur barely misses you. x2
An iguana comes into view.
The jelly hits you. The acid corrodes you!
You are splashed with acid!
The centaur hits you. The centaur kicks you.
4584 ||| READING 2 scrolls of teleportation.
As you read the scroll of teleportation, it crumbles to dust.
You feel strangely unstable.
The iguana hisses angrily.
The centaur hits you.
You die...

#............#.#........
#.##.#.#%.............# #
#......#.#...>........#.#
#.##.#.#.....#.#......l..
# ...#.#.......#......#
.## #.#..............# #
..................#..
.....................
#....##.#....@J..#.###
#.... #......c.#......
..... ###.#...##.##.#.
.... #.#.... # # #......#
#....... #.......
#.#.#.### #.#.#.#


You could see a centaur, an iguana and a jelly.

Vanquished Creatures
  Sigmund (D:3)
  2 phantoms
  Blork the orc (D:4)
  2 orc priests
  2 iguanas
  Natasha (thrice) (D:2)
  3 adders (D:2)
  A worm (D:3)
  4 dart slugs
  6 orcs
  9 endoplasms
  3 giant cockroaches
  7 goblins
  3 hobgoblins
  2 jackals (D:3)
  9 kobolds
  A quokka (D:3)
  3 ball pythons
  4 bats
  5 frilled lizards
  4 rats
75 creatures vanquished.

Vanquished Creatures (others)
  6 plants (D:4)
6 creatures vanquished.

Grand Total: 81 creatures vanquished

Notes
Turn   | Place    | Note
-------+----------+-------------------------------------------
     0 | D:1      | qw the Barachi Chaos Knight began the quest for the Orb.
     0 | D:1      | Reached XP level 1. HP: 18/18 MP: 1/1
     0 | D:1      | 0 ||| qw: Version: 0.1-a-103-gd6f5d3a
     0 | D:1      | 0 ||| qw: Game counter: 5722
     0 | D:1      | 0 ||| qw: Always use a shield: true
     0 | D:1      | 0 ||| qw: God list: Okawaru
     0 | D:1      | 0 ||| qw: Allow faded altars: false
     0 | D:1      | 0 ||| qw: Do Orc after D:15 true
     0 | D:1      | 0 ||| qw: Do second Lair branch before Depths: true
     0 | D:1      | 0 ||| qw: Lair rune preference: random
     0 | D:1      | 0 ||| qw: Plans: Normal
     0 | D:1      | 0 ||| PLANNING D:1-11
     0 | D:1      | Fell from the grace of Xom
    82 | D:1      | Reached XP level 2. HP: 23/24 MP: 2/2
   122 | D:1      | 122 ||| Stepping ~*~*~tactically~*~*~ (stealth).
   123 | D:1      | 123 ||| Stepping ~*~*~tactically~*~*~ (stealth).
   133 | D:1      | Reached skill level 4 in Axes
   599 | D:1      | Found a faded altar of an unknown god.
   727 | D:1      | 727 ||| UPGRADING to +0 helmet.
   732 | D:1      | 732 ||| READING 3 scrolls labelled BIDERR RAURHAW.
   733 | D:1      | 733 ||| READING 2 scrolls labelled GUFAKA RELOAG.
   738 | D:1      | 738 ||| READING scroll labelled WETRON RIOHIPP.
   739 | D:1      | 739 ||| DRINKING 3 white potions.
   740 | D:1      | 740 ||| READING 2 scrolls of identify.
   740 | D:1      | 740 ||| IDENTIFYING lumpy pink potion
   741 | D:1      | 741 ||| DROPPING potion of degeneration.
   742 | D:1      | 742 ||| READING scroll of teleportation.
   755 | D:2      | 755 ||| Stepping ~*~*~tactically~*~*~ (stealth).
   858 | D:2      | 858 ||| Stepping ~*~*~tactically~*~*~ (stealth).
   859 | D:2      | 859 ||| Stepping ~*~*~tactically~*~*~ (stealth).
   914 | D:2      | 914 ||| Stepping ~*~*~tactically~*~*~ (stealth).
   917 | D:2      | 917 ||| Stepping ~*~*~tactically~*~*~ (stealth).
   918 | D:2      | 918 ||| Stepping ~*~*~tactically~*~*~ (stealth).
   919 | D:2      | 919 ||| Stepping ~*~*~tactically~*~*~ (stealth).
   920 | D:2      | 920 ||| Stepping ~*~*~tactically~*~*~ (stealth).
   944 | D:2      | 944 ||| Stepping ~*~*~tactically~*~*~ (stealth).
  1237 | D:2      | 1237 ||| Stepping ~*~*~tactically~*~*~ (stealth).
  1244 | D:2      | Reached XP level 3. HP: 29/29 MP: 3/3
  1382 | D:2      | Noticed Natasha
  1383 | D:2      | 1383 ||| Stepping ~*~*~tactically~*~*~ (hiding).
  1394 | D:2      | Killed Natasha
  1395 | D:2      | Reached skill level 5 in Axes
  1395 | D:2      | Reached XP level 4. HP: 28/36 MP: 4/4
  1444 | D:2      | Noticed Natasha
  1445 | D:2      | 1445 ||| Stepping ~*~*~tactically~*~*~ (stealth).
  1446 | D:2      | 1446 ||| Stepping ~*~*~tactically~*~*~ (stealth).
  1462 | D:2      | 1462 ||| Stepping ~*~*~tactically~*~*~ (stealth).
  1464 | D:2      | 1464 ||| Stepping ~*~*~tactically~*~*~ (hiding).
  1466 | D:2      | 1466 ||| Stepping ~*~*~tactically~*~*~ (hiding).
  1474 | D:2      | Killed Natasha
  1599 | D:2      | XOM: stat loss: -1 Str (14/15)
  1781 | D:2      | 1781 ||| UPGRADING to +0 pair of boots.
  1786 | D:2      | 1786 ||| UPGRADING to +0 chain mail.
  1796 | D:2      | 1796 ||| DROPPING +2 leather armour.
  1797 | D:2      | 1797 ||| UPGRADING to ring of see invisible.
  1798 | D:2      | 1798 ||| DRINKING 3 pink potions.
  1808 | D:2      | Noticed Natasha
  1816 | D:2      | Killed Natasha
  1817 | D:2      | Reached skill level 6 in Axes
  1861 | D:2      | 1861 ||| READING 2 scrolls of identify.
  1861 | D:2      | 1861 ||| IDENTIFYING fuming coppery potion
  1862 | D:2      | 1862 ||| DROPPING potion of attraction.
  1880 | D:3      | 1880 ||| STAIRDANCE
  1889 | D:3      | 1889 ||| STAIRDANCE
  1903 | D:2      | Reached XP level 5. HP: 12/41 MP: 5/5
  1904 | D:2      | HP: 10/41 [poisoned by an adder]
  2071 | D:2      | XOM: stat loss: -2 Int (11/13)
  2165 | D:3      | 2165 ||| STAIRDANCE
  2171 | D:2      | Reached skill level 3 in Armour
  2173 | D:3      | XOM: give mutations
  2173 | D:3      | Gained mutation: You occasionally lose the ability to read
                  | scrolls when taking damage. [Xom's mischief]
  2173 | D:3      | Gained mutation: You are weak. (Str -2) [Xom's mischief]
  2173 | D:3      | Lost mutation: You occasionally lose the ability to read
                  | scrolls when taking damage. [Xom's mischief]
  2173 | D:3      | Gained mutation: You occasionally shout uncontrollably at
                  | your foes. [Xom's mischief]
  2174 | D:3      | 2174 ||| STAIRDANCE
  2176 | D:3      | 2176 ||| STAIRDANCE
  2178 | D:3      | 2178 ||| STAIRDANCE
  2204 | D:3      | 2204 ||| Stepping ~*~*~tactically~*~*~ (stealth).
  2244 | D:3      | 2244 ||| Stepping ~*~*~tactically~*~*~ (stealth).
  2245 | D:3      | 2245 ||| Stepping ~*~*~tactically~*~*~ (stealth).
  2247 | D:3      | 2247 ||| Stepping ~*~*~tactically~*~*~ (stealth).
  2250 | D:3      | 2250 ||| Stepping ~*~*~tactically~*~*~ (stealth).
  2254 | D:3      | 2254 ||| Stepping ~*~*~tactically~*~*~ (hiding).
  2255 | D:3      | 2255 ||| Stepping ~*~*~tactically~*~*~ (hiding).
  2269 | D:3      | 2269 ||| Stepping ~*~*~tactically~*~*~ (stealth).
  2295 | D:3      | 2295 ||| DROPPING +0 club.
  2360 | D:3      | Found a blossoming altar of Fedhas.
  2361 | D:3      | 2361 ||| Stepping ~*~*~tactically~*~*~ (stealth).
  2363 | D:3      | 2363 ||| Stepping ~*~*~tactically~*~*~ (hiding).
  2375 | D:3      | 2375 ||| Stepping ~*~*~tactically~*~*~ (stealth).
  2521 | D:3      | Noticed Sigmund
  2538 | D:3      | Killed Sigmund
  2539 | D:3      | Reached skill level 7 in Axes
  2539 | D:3      | Reached XP level 6. HP: 25/48 MP: 6/6
  2711 | D:3      | XOM: polymorph iguana -> worm
  2813 | D:3      | 2813 ||| READING scroll labelled TARASCH GIEMPAR.
  2854 | D:4      | XOM: noise
  2859 | D:4      | Noticed qw's ghost (amateur BaCK)
  2861 | D:4      | Noticed Blork the orc
  2862 | D:4      | 2862 ||| Stepping ~*~*~tactically~*~*~ (stealth).
  2863 | D:4      | 2863 ||| Stepping ~*~*~tactically~*~*~ (stealth).
  2865 | D:4      | Found a transporter.
  2873 | D:4      | Killed Blork the orc
  3040 | D:4      | Found a staircase to the Ecumenical Temple.
  3041 | D:4      | 3041 ||| PLANNING TEMPLE
  3050 | Temple   | Entered the Ecumenical Temple
  3050 | Temple   | Found a transporter.
  3050 | Temple   | Found a transporter.
  3051 | Temple   | Found a transporter.
  3051 | Temple   | Found a transporter.
  3061 | Temple   | 3061 ||| PLANNING D:1-11
  3067 | Temple   | Became a worshipper of Warmaster Okawaru
  3152 | D:4      | 3152 ||| Stepping ~*~*~tactically~*~*~ (hiding).
  3194 | D:4      | 3194 ||| Stepping ~*~*~tactically~*~*~ (stealth).
  3195 | D:4      | 3195 ||| Stepping ~*~*~tactically~*~*~ (stealth).
  3196 | D:4      | 3196 ||| Stepping ~*~*~tactically~*~*~ (stealth).
  3361 | D:4      | Reached skill level 8 in Axes
  3396 | D:4      | Reached XP level 7. HP: 35/55 MP: 7/7
  3636 | D:4      | 3636 ||| SWAPPING to +0 war axe.
  3637 | D:4      | 3637 ||| DROPPING +0 hand axe of chaos.
  3687 | D:4      | 3687 ||| Stepping ~*~*~tactically~*~*~ (hiding).
  3720 | D:4      | You fall into a shaft and drop 1 floor!
  3720 | D:5      | Entered Level 5 of the Dungeon
  3722 | D:5      | 3722 ||| UPGRADING to +2 cloak.
  3727 | D:5      | 3727 ||| READING 2 scrolls of identify.
  3727 | D:5      | 3727 ||| IDENTIFYING bubbling emerald potion
  3728 | D:5      | 3728 ||| DROPPING potion of lignification.
  3746 | D:4      | 3746 ||| Stepping ~*~*~tactically~*~*~ (stealth).
  3747 | D:4      | 3747 ||| Stepping ~*~*~tactically~*~*~ (stealth).
  3818 | D:4      | XOM: stat loss: -1 Int (12/13)
  3862 | D:4      | Found a transporter.
  3907 | D:4      | XOM: noise
  3942 | D:4      | XOM: summons 4 hostile demons
  3943 | D:4      | Noticed a rust devil
  3949 | D:4      | 3949 ||| READING 4 scrolls of teleportation.
  3950 | D:4      | HP: 13/56 [white imp[Xom] (2)]
  3950 | D:4      | HP: 5/56 [white imp[Xom] (2)]
  3951 | D:4      | 3951 ||| DRINKING 3 potions of heal wounds.
  4280 | D:4      | 4280 ||| READING scroll labelled RANEPH HUFIBE.
  4281 | D:4      | 4281 ||| READING 2 scrolls of identify.
  4281 | D:4      | 4281 ||| IDENTIFYING viscous golden potion
  4282 | D:4      | 4282 ||| DROPPING potion of brilliance.
  4348 | D:5      | HP: 12/56 [white imp (5)]
  4348 | D:5      | HP: 4/56 [iguana (7)]
  4349 | D:5      | 4349 ||| READING 3 scrolls of teleportation.
  4350 | D:5      | 4350 ||| DRINKING 2 potions of heal wounds.
  4570 | D:5      | XOM: summons 1 hostile shadow creature
  4583 | D:5      | HP: 14/56 [acid (5)]
  4583 | D:5      | HP: 3/56 [acid (10)]
  4583 | D:5      | HP: 1/56 [centaur (1)]
  4584 | D:5      | 4584 ||| READING 2 scrolls of teleportation.
  4584 | D:5      | Slain by a centaur

Levels and vault maps discovered:
D:1:      amcnicky_arrival_underground_garden, layout_basic,
          shapermc_ecumenical_altar_mp_ritualfount, grunt_decor_resistance,
          minmay_indecisive_spiral
D:2:      layout_basic, minmay_tripent, uniq_natasha
D:3:      layout_basic, mainiacjoe_overflow_catwalk, kennysheep_generic_room_13,
          uniq_sigmund
D:4:      layout_loops_ring, temple_statues, gammafunk_ghost_smash,
          chequers_big_river, uniq_blork_the_orc
D:5:      layout_basic, nicolae_overflow_two_pavilions
Temple:   hellmonk_temple_divided_pantheon

Skill      XL: |  1  2  3  4  5  6  7 |
---------------+----------------------+-----
Axes           | 4 5 6 7 8 |  8.0
Armour         | 3 4 |  4.4
Fighting       | 4 5 |  5.0
Throwing       | |  0.8
Dodging        | |  1.1

Action                   |  1- 3 |  4- 6 |  7- 9 || total
-------------------------+-------+-------+-------++-------
Melee: Hand axe          |    79 |   133 |     9 ||   221
       Punch             |       |     2 |       ||     2
       War axe           |       |       |    65 ||    65
Throw: Boomerang         |       |    26 |    11 ||    37
Invok: Renounce Religion |     1 |       |       ||     1
  Use: Scroll            |     5 |     2 |     6 ||    13
       Potion            |     1 |     1 |     2 ||     4
 Stab: Paralysed         |     1 |     4 |       ||     5
Armor: Leather armour    |    28 |     9 |       ||    37
       Chain mail        |       |    52 |    62 ||   114
Dodge: Dodged            |    39 |    42 |    36 ||   117

Table legend:
 A = Non-vault XP
 B = Vault XP
 C = Vault XP percentage of total XP
 D = Non-vault monster count
 E = Vault monster count
 F = Vault count percentage of total count
                 A         B        C        D         E       F
            +---------+---------+-------+---------+---------+-------
      Total |     569 |     388 |  40.5 |      65 |      10 |  13.3
            +---------+---------+-------+---------+---------+-------
        D:1 |      11 |      10 |  47.6 |       8 |       4 |  33.3
        D:2 |     131 |      37 |  22.0 |      21 |       3 |  12.5
        D:3 |      37 |     241 |  86.7 |      18 |       2 |  10.0
        D:4 |     207 |     100 |  32.6 |      13 |       1 |   7.1
        D:5 |     183 |       0 |   0.0 |       5 |       0 |   0.0
            +---------+---------+-------+---------+---------+-------
